 Dungeon Crawl Stone Soup version 0.28.0 (webtiles) character file.

Game seed: 7781347813149850098

223 Descartes the Grasshopper (level 6, -1/44 HPs)
             Began as a Formicid Warper on Feb 4, 2022.
             Was a Follower of Makhleb.
             Slain by a mummy (15 damage)
             ... in an ossuary.
             The game lasted 00:04:03 (2329 turns).

Descartes the Grasshopper (Formicid Warper)         Turns: 2329, Time: 00:04:03

Health: -1/44      AC:  5    Str: 18    XL:     6   Next: 20%
Magic:  9/9        EV: 11    Int: 12    God:    Makhleb [*.....]
Gold:   72         SH:  0    Dex: 10    Spells: 9/9 levels left

rFire   . . .      SeeInvis +   e - +4 long sword
rCold   . . .      Faith    .   (no shield)
rNeg    + . .      Spirit   .   g - +0 ring mail
rPois   .          Reflect  .   (helmet unavailable)
rElec   .          Harm     .   (no cloak)
rCorr   .          Rampage  .   (no gloves)
Will    .....                   (no boots)
Stlth   ..........              (no amulet)
HPRegen 0.14/turn               b - ring of positive energy
MPRegen 0.11/turn               (no ring)

@: no status effects
A: permanent stasis, dig shafts and tunnels, antennae 3, four strong arms
a: Dig, Renounce Religion


You were in an ossuary.
You worshipped Makhleb.
Makhleb was aware of your devotion.
You visited 1 branch of the dungeon, and saw 3 of its levels.
You also visited: Ossuary.

You collected 72 gold pieces.

Inventory:

Hand Weapons
 e - a +4 long sword (weapon)
 f - a +2 dagger of speed
Missiles
 c - 5 boomerangs of dispersal (quivered)
 d - 41 stones
Armour
 g - a +0 ring mail (worn)
Jewellery
 b - a ring of positive energy (left hand)
Scrolls
 h - 2 scrolls of immolation
 i - 2 scrolls of fear {unknown}
 j - a scroll of silence {unknown}
 l - 3 scrolls of identify {unknown}
Potions
 a - a potion of invisibility {unknown}
 k - a potion of might {unknown}
 m - a potion of heal wounds {unknown}
 n - 3 potions of curing {unknown}
 o - a potion of flight {unknown}


   Skills:
 - Level 2.1 Fighting
 - Level 3.0 Long Blades
 - Level 2.0 Axes
 - Level 1.0 Throwing
 - Level 1.1 Armour
 - Level 1.7 Dodging
 - Level 2.1 Spellcasting
 + Level 5.0 Translocations


You had 9 spell levels left.
You didn't know any spells.
Your spell library contained the following spells:

 Spells                   Type           Power      Damage    Failure   Level
 Gell's Gravitas          Tloc           13%        N/A       19%         3
 Lesser Beckoning         Tloc           13%        N/A       19%         3
 Teleport Other           Tloc           13%        N/A       19%         3
 Manifold Assault         Tloc           13%        N/A       86%         5
 Blink                    Tloc           Unusable   N/A       N/A         2

Dungeon Overview and Level Annotations

Branches:
Dungeon (4/15)            Ossuary (1/1)
 Temple: D:4-7

Altars:
Makhleb


Innate Abilities, Weirdness & Mutations

You cannot be hasted, slowed, berserked, paralysed or teleported.
You can dig through walls and to a lower floor.
You have a pair of large antennae on your head. (SInv)
Your four strong arms can wield two-handed weapons with a shield.


Message History

No target in view!
No target in view!
No target in view!
No target in view!
No target in view!
No target in view!
No target in view!
No target in view!
No target in view!
No target in view!
You open the door.
A mummy comes into view.
Found 2 scrolls labelled WOXKER FYULING.
The mummy hits you!
There is an open door, spattered with blood here.
You barely miss the mummy. You slash the mummy!
The mummy is moderately damaged.
The mummy hits you!
You are too injured to fight recklessly!
You are too injured to fight recklessly!
You are too injured to fight recklessly!
You are too injured to fight recklessly!
You are too injured to fight recklessly!
You are too injured to fight recklessly!
You are too injured to fight recklessly!
You are too injured to fight recklessly!
You are too injured to fight recklessly!
You are too injured to fight recklessly!
You are too injured to fight recklessly!
You are too injured to fight recklessly!
You are too injured to fight recklessly!
You are too injured to fight recklessly!
You are too injured to fight recklessly!
A mummy is nearby!
You are too injured to fight recklessly!
You slash the mummy!
The mummy is severely damaged.
The mummy hits you!
You die...

#..###.###...####
##.##.## ##+##
#'#.## ##.'## {
##...#### {
#'...'..##
##...##..#
##.####.# #+# #@#
#M# { #.? #.##
#.#{ #+#


You could see a mummy.

Vanquished Creatures
  A phantom (D:4)
  A centaur skeleton (D:4)
  5 mummies (Ossuary)
  2 adders
  A bat (D:2)
  3 endoplasms
  4 goblins (D:1)
  A hobgoblin (D:1)
  2 jackals (D:1)
  A quokka (D:1)
  5 ball pythons
  2 goblin skeletons (Ossuary)
  2 kobolds
  2 kobold skeletons (Ossuary)
  An orc skeleton (Ossuary)
  6 rats
  11 rat skeletons (Ossuary)
50 creatures vanquished.

Notes
Turn   | Place    | Note
-------+----------+-------------------------------------------
     0 | D:1      | Descartes the Formicid Warper began the quest for the Orb.
     0 | D:1      | Reached XP level 1. HP: 16/16 MP: 3/3
   457 | D:1      | Reached skill level 3 in Translocations
   527 | D:1      | Reached XP level 2. HP: 22/22 MP: 5/5
   595 | D:1      | Reached skill level 1 in Long Blades
   740 | D:1      | Found a faded altar of an unknown god.
   752 | D:1      | Prayed at the altar of an unknown god.
   752 | D:1      | Became a worshipper of Makhleb the Destroyer
   752 | D:1      | Reached * piety under Makhleb
   772 | D:1      | Reached XP level 3. HP: 26/27 MP: 6/6
  1656 | D:2      | You fall into a shaft and drop 2 floors!
  1668 | D:4      | Noticed a phantom
  1682 | D:4      | Killed a phantom
  1683 | D:4      | Reached skill level 4 in Translocations
  1683 | D:4      | Reached XP level 4. HP: 4/33 MP: 7/7
  1683 | D:4      | Reached XP level 5. HP: 5/38 MP: 8/8
  1771 | D:4      | Found a sand-covered staircase.
  1776 | Ossuary  | Entered an ossuary
  2029 | Ossuary  | Reached XP level 6. HP: 44/44 MP: 9/9
  2117 | Ossuary  | Reached skill level 5 in Translocations
  2329 | Ossuary  | Slain by a mummy

Illustrated notes

Levels and vault maps discovered:
D:1:      mainiacjoe_arrival_reflecting_pool, layout_loops_corners,
          hellmonk_ecumenical_altar_blasted
D:2:      layout_loops_corners, minmay_misc_feat_columns, uniq_sigmund
D:4:      layout_loops_cross, enter_ossuary_2
Ossuary:  ossuary_due_small_catacomb

Skill      XL: |  1  2  3  4  5  6 |
---------------+-------------------+-----
Translocations | 3 4 5 |  5.0
Long Blades    | 1 2 3 |  3.0
Fighting       | |  2.1
Axes           | |  2.0
Throwing       | |  1.0
Armour         | |  1.1
Dodging        | |  1.7
Spellcasting   | |  2.1

Action                   |  1- 3 |  4- 6 || total
-------------------------+-------+-------++-------
Melee: Hand axe          |    14 |       ||    14
       Long sword        |    54 |    55 ||   109
       Punch             |       |     1 ||     1
  Use: Scroll            |     1 |       ||     1
Armor: Leather armour    |     7 |       ||     7
       Ring mail         |    10 |    14 ||    24
Dodge: Dodged            |    42 |    19 ||    61
